 Dungeon Crawl Stone Soup version 0.31.0-1-g2c135a0 (webtiles) character file.

Game seed: 12776748525991529431

110 jagoly the Trooper (level 4, 0/29 HPs)
             Began as a Gargoyle Monk on Feb 2, 2024.
             Slain by Edmund
             ... wielding a +0 flail of draining
              (3 damage)
             ... on level 4 of the Dungeon.
             The game lasted 00:04:48 (642 turns).

jagoly the Trooper (Gargoyle Monk)                   Turns: 642, Time: 00:04:49

Health: 0/29       AC: 12    Str: 16    XL:     4   Next: 91%
Magic:  4/4        EV: 13    Int: 11    God:
Gold:   48         SH:  0    Dex: 12    Spells: 3/3 levels left

rFire   . . .        a - +0 hand axe
rCold   . . .        d - orb {light}
rNeg    + . .        f - +0 chain mail
rPois   ∞            (no helmet)
rElec   +            (no cloak)
rCorr   .            (no gloves)
SInv    .            (no boots)
Will    .....        (no amulet) Stlth
                     j - +5 ring of evasion
HPRegen 0.24/turn    (no ring)
MPRegen 0.09/turn

%: no passive effects
@: glowing
A: sickness immunity, AC +3, negative energy resistance 1, electricity
resistance, torment resistance 1, petrification resistance
a: no special abilities


You were on level 4 of the Dungeon.
You visited 1 branch of the dungeon, and saw 5 of its levels.

You collected 48 gold pieces.

Inventory:

Hand Weapons
 a - a +0 hand axe (weapon)
Missiles
 i - 9 stones (quivered)
 o - 3 javelins
Armour
 b - a +0 robe
 d - an orb of light (worn)
 f - a +0 chain mail (worn)
Jewellery
 j - a +5 ring of evasion (left hand)
Scrolls
 l - a scroll of fog {unknown}
 n - 2 scrolls of identify {unknown}
Potions
 c - a potion of ambrosia
 e - a potion of curing {unknown}
 g - a potion of brilliance {unknown}
 h - a potion of magic {unknown}
 k - a potion of might {unknown}
 m - a potion of lignification {unknown}


   Skills:
 + Level 4.0 Fighting
 * Level 3.7 Axes
 + Level 1.9 Armour
 + Level 2.9 Dodging


You had 3 spell levels left.
You didn't know any spells.
Your spell library contained the following spells:

 Spells                   Type           Power      Damage    Failure   Level
 Magic Dart               Conj           0%         1d3       99%         1
 Shock                    Conj/Air       0%         1d3       99%         1
 Blink                    Tloc           0%         N/A       100%        2
 Call Imp                 Summ           0%         N/A       100%        2
 Swiftness                Air            0%         N/A       100%        3
 Airstrike                Air            0%         2d(0-16)  100%        4


Dungeon Overview and Level Annotations

Branches:
Dungeon (5/15) Zot: 26924
 Temple: D:4-7

Altars:
Fedhas

Shops:
D:2 !

Annotations:
D:4 Edmund, Eustachio


Innate Abilities, Weirdness & Mutations

You are immune to sickness and miasma.
Your stone body is resilient. (AC +3)
You are immune to poison.
You resist negative energy. (rN+)
You are resistant to electric shocks. (rElec)
You are resistant to unholy torment.
You are immune to petrification.


Message History

You hit the kobold.
You kill the kobold!
No target in view!
No target in view!
Things that are here:
a +0 short sword; a kobold corpse
There is a stone staircase leading up here.
You climb upwards.
The rat squeaks loudly.
Found a stone staircase leading down.
There is a stone staircase leading down here.
You hit the rat.
You kill the rat!
No target in view!
A rat comes into view.
The rat squeaks loudly.
There is a stone staircase leading down here.
The rat enters a dispersal trap!
You blink.
You stop descending the stairs.
There is a stone staircase leading down here.
The rat barely misses you.
You hit the rat.
The rat is moderately wounded.
The rat bites you but does no damage.
You hit the rat.
You kill the rat!
No target in view!
There is a stone staircase leading down here.
You climb downwards.
Found a golden potion and 9 stones.
There is a stone staircase leading up here.
A giant cockroach and a rat come into view.
The rat squeaks loudly.
The rat moves out of view.
You see here a golden potion.
h - a golden potion An adder comes into view.
The adder hisses angrily.
You hit the giant cockroach.
The giant cockroach is severely wounded.
The giant cockroach bites you but does no damage.
You hit the giant cockroach.
The giant cockroach is almost dead.
A bat comes into view.
The giant cockroach bites you but does no damage.
The adder bites you but does no damage.
The giant cockroach bites you but does no damage.
The bat moves out of view.
You hit the giant cockroach but do no damage.
The giant cockroach is almost dead.
You barely miss the adder. The adder bites you but does no damage.
The giant cockroach bites you but does no damage.
You hit the giant cockroach.
You kill the giant cockroach!
You barely miss the rat. You hit the adder.
The adder bites you but does no damage. The rat bites you but does no damage.
The adder barely misses you.
You barely miss the adder.
The adder is heavily wounded.
You hit the rat. The adder bites you. The rat bites you but does no damage.
You closely miss the adder.
The adder is heavily wounded.
You hit the rat.
You kill the rat!
The adder bites you but does no damage. x2
You hit the adder.
The adder is almost dead.
The adder bites you but does no damage.
You closely miss the adder.
The adder is almost dead.
The adder bites you but does no damage.
The adder bites you but does no damage. x2
You slash the adder!
You kill the adder!
You hit the bat.
You kill the bat!
No target in view!
You see here 9 stones.
i - 9 stones 2 orcs come into view.
The orc shouts! x2; You hear a shout!
An orc comes into view. It is wielding a +0 whip.
The orc moves out of view.
The orc shouts!
An orc wizard comes into view. It is wielding a +0 dagger.
Found an escape hatch in the floor.
The orc wizard moves out of view.
The orc wizard shouts!
An orc comes into view. It is wielding a +0 flail.
You barely miss the orc. The orc closely misses you.
The orc hits you but does no damage.
You hit the orc.
The orc is lightly wounded.
The orc hits you with a +0 flail.
You hit the orc but do no damage.
The orc is lightly wounded.
The orc hits you but does no damage.
You slash the orc!
You kill the orc!
You hit the orc but do no damage. The orc barely misses you.
You hit the orc.
The orc is moderately wounded.
The orc wizard mumbles some strange words.
The orc wizard flickers and vanishes for a moment.
The orc barely misses you.
You hit the orc but do no damage.
The orc is moderately wounded.
The orc closely misses you.
You barely miss the orc.
The orc is lightly wounded.
You barely miss the orc wizard.
The orc wizard hits you but does no damage.
You hit the orc wizard.
The orc wizard is lightly wounded.
The orc wizard hits you but does no damage.
You hit the orc wizard.
The orc wizard is lightly wounded.
The orc wizard barely misses you.
You hit the orc wizard.
The orc wizard is heavily wounded.
The orc wizard barely misses you.
You hit the orc wizard.
The orc wizard is severely wounded.
The orc wizard hits you but does no damage.
You hit the orc wizard.
You kill the orc wizard!
You have reached level 4!
You feel clever.
You hit the orc but do no damage.
The orc is lightly wounded.
The orc barely misses you.
You hit the orc but do no damage.
The orc is lightly wounded.
The orc hits you but does no damage.
You hit the orc but do no damage.
The orc is lightly wounded.
The orc barely misses you. The orc hits you but does no damage.
You hit the orc.
The orc is heavily wounded.
The orc hits you but does no damage.
You hit the orc but do no damage.
The orc is heavily wounded.
The orc hits you but does no damage.
You hit the orc.
You kill the orc!
You barely miss the orc. The orc hits you with a +0 hand axe.
A goblin comes into view. It is wielding a +0 dagger.
The goblin shouts!
You hit the orc.
The orc is heavily wounded.
The orc closely misses you.
You barely miss the orc.
The orc is heavily wounded.
The orc barely misses you.
You slash the orc!
You kill the orc!
You hit the orc.
The orc is heavily wounded.
The orc hits you but does no damage. The orc barely misses you.
You hit the orc.
The orc is almost dead.
The orc hits you with a +0 flail.
You barely miss the orc.
The orc is almost dead.
You hit the goblin. The goblin barely misses you.
The orc hits you but does no damage.
You completely miss the orc.
The orc is almost dead.
You barely miss the goblin. The goblin hits you with a +0 dagger.
The orc closely misses you.
You hit the orc.
You kill the orc!
You hit the goblin.
You kill the goblin!
No target in view!
No target in view!
Items here: ))))) [[[ ††.
Found an iron ring.
Found a scroll labelled OFAMETIMOL.
j - a +5 ring of evasion
j - a +5 ring of evasion (left hand)
Found a fizzy dark potion.
k - a fizzy dark potion An adder and a ball python come into view.
The adder hisses angrily.
The adder misses you.
You barely miss the adder. The adder barely misses you.
The adder closely misses you.
You slash the adder!
The adder is heavily wounded.
You hit the ball python.
You kill the ball python!
The adder completely misses you.
You hit the adder.
You kill the adder!
No target in view!
No target in view!
No target in view!
An adder and an endoplasm come into view.
The adder hisses angrily.
Found 8 gold pieces.
Found a blossoming altar of Fedhas.
You hit the adder.
The adder is moderately wounded.
The adder bites you but does no damage. x2
You hit the adder but do no damage.
The adder is moderately wounded.
You hit the endoplasm. The adder barely misses you. The endoplasm freezes you.
You are frozen.
You hit the endoplasm.
You kill the endoplasm!
You completely miss the adder. The adder misses you.
The adder bites you but does no damage.
You hit the adder.
The adder is moderately wounded.
The adder bites you.
You hit the adder.
The adder is heavily wounded.
The adder barely misses you.
You barely miss the adder.
The adder is heavily wounded.
The adder closely misses you. The adder misses you.
You barely miss the adder.
The adder is heavily wounded.
The adder misses you.
You closely miss the adder.
The adder is heavily wounded.
The adder misses you. x2
You hit the adder.
The adder is severely wounded.
The adder bites you but does no damage.
You hit the adder.
The adder is severely wounded.
The adder closely misses you. The adder misses you.
You hit the adder.
You kill the adder!
No target in view!
No target in view!
No target in view!
No target in view!
A jackal comes into view.
The jackal barks!
You hear a bark!
You hear a shout!
A hobgoblin comes into view.
A jackal comes into view.
The jackal barks!
You hear a shout!
The jackal barely misses you.
You hit the jackal.
You kill the jackal!
A goblin comes into view. It is wielding a +0 club.
The hobgoblin misses you.
You slash the jackal!
You kill the jackal!
You hit the hobgoblin.
The hobgoblin hits you but does no damage.
The hobgoblin barely misses you.
You barely miss the hobgoblin.
The hobgoblin is moderately wounded.
The hobgoblin misses you.
You barely miss the hobgoblin.
The hobgoblin is moderately wounded.
The hobgoblin completely misses you.
You hit the hobgoblin but do no damage.
The hobgoblin is moderately wounded.
You barely miss the goblin. The goblin hits you with a +0 club.
The hobgoblin hits you but does no damage.
You hit the hobgoblin.
You kill the hobgoblin!
You hit the goblin.
You kill the goblin!
No target in view!
You now have 26 gold pieces (gained 8).
You see here a jackal corpse.
Found a scroll labelled FILEAQ KOCVIBLE.
You enter the shallow water.
Moving in this stuff is going to be slow.
l - a scroll labelled FILEAQ KOCVIBLE
Found 22 gold pieces.
Found a leather armour.
You now have 34 gold pieces (gained 8).
You now have 48 gold pieces (gained 14).
Found a bubbling brown potion.
Found a flail.
Found a short sword.
Found an escape hatch in the ceiling.
m - a bubbling brown potion
n - a scroll labelled OFAMETIMOL
Found a scale mail.
A goblin comes into view. It is wielding a +0 dagger.
The goblin shouts!
Found a stone staircase leading down.
The goblin hits you but does no damage.
You hit the goblin.
The goblin is moderately wounded.
The goblin hits you but does no damage.
You hit the goblin.
The goblin is severely wounded.
The goblin hits you but does no damage.
You barely miss the goblin.
The goblin is severely wounded.
The goblin misses you.
You hit the goblin but do no damage.
The goblin is severely wounded.
The goblin closely misses you.
You closely miss the goblin.
The goblin is severely wounded.
The goblin closely misses you.
You hit the goblin.
You kill the goblin!
There is a stone staircase leading down here.
You climb downwards.
There is a stone staircase leading up here.
A kobold comes into view. It is wielding a +0 dagger.
The kobold shouts!
The kobold barely misses you.
You hit the kobold.
You kill the kobold!
No target in view!
You see here a +0 dagger.
Found a stone staircase leading down.
A goblin comes into view. It is wielding a +0 dagger.
Found 4 javelins.
The goblin shouts!
The goblin unwields a +0 dagger.
The goblin wields a +0 sling.
The goblin shoots a sling bullet.
The sling bullet hits you but does no damage.
A goblin is nearby!
There is a stone staircase leading down here.
The goblin shoots a sling bullet.
The sling bullet closely misses you.
You climb downwards.
There is a stone staircase leading up here.
You climb upwards.
The goblin shoots a sling bullet.
The sling bullet barely misses you.
The goblin shoots a sling bullet.
The sling bullet hits you but does no damage.
There is a stone staircase leading down here.
The goblin shoots a sling bullet.
The sling bullet barely misses you.
Found a scroll labelled OFAMETIMOL.
You see here 4 javelins.
o - 4 javelins
n - 2 scrolls labelled OFAMETIMOL (gained 1)
The goblin shoots a sling bullet.
The sling bullet hits you but does no damage.
The goblin unwields a +0 sling.
The goblin wields a +0 dagger.
The goblin hits you but does no damage.
You hit the goblin.
You kill the goblin!
No target in view!
Things that are here:
a +0 dagger; a +0 sling A hobgoblin comes into view.
You hit the hobgoblin.
The hobgoblin is moderately wounded.
The hobgoblin completely misses you.
You hit the hobgoblin.
The hobgoblin is heavily wounded.
The hobgoblin hits you but does no damage.
You hit the hobgoblin.
The hobgoblin is severely wounded.
The hobgoblin barely misses you. x2
You hit the hobgoblin.
You kill the hobgoblin!
Your Fighting skill increases to level 4!
No target in view!
Eustachio the Magnificent comes into view.
He is wielding a +3 rapier.
Found 5 stones.
Eustachio shouts!
Eustachio moves out of view.
Edmund the Younger comes into view.
He is wielding a +0 flail of draining and wearing a +3 leather armour of cold resistance.
Found a blade talisman.
Edmund shouts!
You aren't carrying any items that you can evoke.
Throw: 4 javelins
Press: ? - help, Shift-Dir - straight line, f - Edmund
Aim: Edmund, wielding a +0 flail of draining and wearing a +3 leather armour of cold resistance (haloed, 76% to hit)
You throw a javelin.
The javelin pierces through Edmund but does no damage.
Okay, then.
Okay, then.
You barely miss Edmund. Edmund barely misses you.
You hit Edmund but do no damage. Edmund hits you but does no damage.
You hit Edmund but do no damage. Edmund hits you but does no damage.
Eustachio mumbles some strange words.
You hit Edmund.
Edmund is lightly wounded.
You hit the crimson imp but do no damage.
Edmund misses you.
The crimson imp blinks!
Edmund hits you but does no damage.
Eustachio mumbles some strange words.
Eustachio blinks!
You hit Edmund but do no damage.
Edmund is lightly wounded.
You hit the crimson imp but do no damage.
The crimson imp closely misses you.
Edmund hits you with a +0 flail of draining.
You hit Edmund but do no damage.
Edmund is lightly wounded.
You barely miss the crimson imp. You hit the quasit but do no damage.
The quasit barely misses you. x2; The quasit claws you.
The crimson imp barely misses you.
Eustachio gestures wildly while chanting.
Edmund hits you with a +0 flail of draining.
You hit Edmund but do no damage.
Edmund is lightly wounded.
You hit the crimson imp. You completely miss the quasit.
The bat hits you but does no damage. The quasit misses you.
The quasit claws you but does no damage. x2
The crimson imp hits you but does no damage.
Edmund gestures with his flail.
Edmund barely misses you. The bat barely misses you.
You barely miss Edmund.
Edmund is lightly wounded.
You hit the quasit. You hit Eustachio but do no damage. You hit the bat.
You barely miss the crimson imp. The bat barely misses you.
The bat hits you but does no damage.
The quasit bites you but does no damage.
The quasit claws you but does no damage.
The quasit barely misses you.
The crimson imp hits you but does no damage.
Edmund hits you with a +0 flail of draining!
* * * LOW HITPOINT WARNING * * *
Eustachio screams, "At last I'll have my revenge!"
Eustachio hits you with a +3 rapier.
* * * LOW HITPOINT WARNING * * *
The quasit misses you.
The quasit claws you but does no damage. x2
You are too injured to fight recklessly!
You are too injured to fight recklessly!
You are too injured to fight recklessly!
You hit Edmund but do no damage.
Edmund is lightly wounded.
You closely miss the quasit. You hit Eustachio. You hit the bat.
You closely miss the crimson imp. The bat misses you.
The quasit barely misses you.
The quasit claws you but does no damage. x2
The crimson imp misses you.
Eustachio mumbles some strange words.
Eustachio blinks!
Edmund hits you but does no damage.
You hit Edmund.
Edmund is lightly wounded.
You hit the bat.
You kill the bat!
The bat's corpse disappears in a puff of smoke!
You hit the crimson imp. You barely miss the quasit.
The quasit closely misses you.
The quasit claws you but does no damage. x2
The crimson imp barely misses you.
Edmund hits you with a +0 flail of draining.
* * * LOW HITPOINT WARNING * * *
Eustachio mumbles some strange words.
The quasit barely misses you. x2
The quasit claws you but does no damage.
You hit Edmund.
Edmund is lightly wounded.
You barely miss the crimson imp. You hit the quasit but do no damage.
The crimson imp blinks!
Edmund closely misses you. The quasit misses you. x2
The quasit claws you but does no damage.
You hit Edmund but do no damage.
Edmund is lightly wounded.
You hit the quasit but do no damage.
The quasit bites you but does no damage.
The quasit claws you but does no damage. x2
Edmund hits you but does no damage. The quasit barely misses you.
The quasit claws you but does no damage. x2
Edmund hits you but does no damage.
You hit Edmund.
Edmund is moderately wounded.
You closely miss the quokka. You hit the quasit but do no damage.
The crimson imp disappears in a puff of smoke!
The quokka closely misses you.
The quasit bites you but does no damage.
The quasit closely misses you.
The quasit claws you but does no damage.
Edmund hits you with a +0 flail of draining.
* * * LOW HITPOINT WARNING * * *
The quokka barely misses you.
You hit Edmund.
Edmund is moderately wounded.
You hit the quasit. You hit the quokka. You hit Eustachio but do no damage.
The quasit bites you but does no damage.
The quasit closely misses you. The quasit misses you.
The quokka barely misses you.
The quasit bites you but does no damage.
The quasit claws you but does no damage. x2
Eustachio closely misses you.
Edmund hits you with a +0 flail of draining.
* * * LOW HITPOINT WARNING * * *
You hit Edmund but do no damage.
Edmund is moderately wounded.
You hit the quasit. You hit the quokka.
You kill the quokka!
The quokka's corpse disappears in a puff of smoke!
You barely miss Eustachio. The quasit closely misses you.
The quasit misses you.
The quasit claws you but does no damage.
Eustachio closely misses you.
Edmund says, "People think my brother is the best.
I think he's crazy."
Edmund barely misses you.
You hit Edmund.
Edmund is moderately wounded.
You closely miss the quasit. You hit Eustachio.
The quasit closely misses you. x2
The quasit misses you.
Edmund hits you with a +0 flail of draining.
You die...
Edmund says, "That'll show my brother!"

.# #.### #.....
####### #....
....... .... ##
.......#(.#....
...(...@.......
......§@###
%.....@.55#
.......##.#####
#.###.##......#
. ...
#..###.... .###
#..# .. . #..#
..# #..# ...
#..#


You could see Edmund, Eustachio, a quasit (summoned) and an ufetubus (summoned).

Vanquished Creatures
  An orc wizard (D:3)
  4 adders
  A dart slug (D:3)
  4 orcs (D:3)
  An endoplasm (D:3)
  2 giant cockroaches
  7 goblins
  5 hobgoblins
  2 jackals (D:3)
  4 ball pythons
  2 bats
  4 kobolds
  4 rats
41 creatures vanquished.

Notes
Turn   | Place    | Note
-------+----------+-------------------------------------------
     0 | D:1      | jagoly the Gargoyle Monk began the quest for the Orb.
     0 | D:1      | Reached XP level 1. HP: 14/14 MP: 1/1
   112 | D:2      | Reached XP level 2. HP: 19/19 MP: 2/2
   204 | D:2      | Found Gakluro's Distillery.
   218 | D:2      | Reached skill level 1 in Armour
   218 | D:2      | Reached XP level 3. HP: 20/23 MP: 3/3
   305 | D:3      | Reached XP level 4. HP: 29/29 MP: 4/4
   409 | D:3      | Found a blossoming altar of Fedhas.
   571 | D:5      | Entered Level 5 of the Dungeon
   608 | D:4      | Reached skill level 4 in Fighting
   623 | D:4      | Noticed Eustachio
   625 | D:4      | Noticed Edmund
   642 | D:4      | Slain by Edmund

Illustrated notes

Levels and vault maps discovered:
D:1:      evilmike_arrival_hilbert_curve, layout_basic, serial_shops,
          nicolae_shop_just_a_little_nook
D:2:      layout_loops_cross, basic_altar, serial_shops,
          nicolae_shop_industrial_runoff
D:3:      layout_basic, overflow_temple_1_default, serial_curves,
          eino_curves_03, eino_curves_04, grunt_ministairs_4,
          chequers_serial_rivers_small_a
D:4:      layout_basic, minmay_fountain_box, minmay_puff, uniq_eustachio,
          uniq_edmund
D:5:      layout_gridville, grunt_ministairs_8

Skill      XL: |  1  2  3  4 |
---------------+-------------+-----
Axes           | 3 |  3.7
Armour         | 1 |  1.9
Fighting       | 4 |  4.0
Dodging        | |  2.9

Action                     |  1- 3 |  4- 6 || total
---------------------------+-------+-------++-------
  Melee: Hand axe          |    62 |    63 ||   125
  Throw: Javelin           |       |     1 ||     1
 Armour: Robe              |    10 |       ||    10
         Chain mail        |    41 |    68 ||   109
  Dodge: Dodged            |    20 |    73 ||    93
